 Dungeon Crawl Stone Soup version 0.27-a0-1230-gfc7c993222 (webtiles) character file.

Game seed: 14927421564253520912

54 27snakeeyes612 the Skirmisher (level 3, -8/34 HPs)
             Began as a Naga Fighter on June 8, 2021.
             Killed by divine providence
             ... invoked by an orc priest
              (13 damage)
             ... on level 3 of the Dungeon.
             The game lasted 00:01:08 (2140 turns).

27snakeeyes612 the Skirmisher (Naga Fighter)        Turns: 2140, Time: 00:01:08

Health: -8/34      AC: 10    Str: 19    XL:     3   Next: 91%
Magic:  3/3        EV:  3    Int:  8    God:
Gold:   84         SH:  9    Dex: 10    Spells: 2/2 levels left

rFire    . . .     SeeInvis +   a - +0 war axe
rCold    . . .     Faith    .   c - +0 kite shield
rNeg     . . .     Spirit   .   b - +0 scale mail
rPois    +         Reflect  .   (no helmet)
rElec    .         Harm     .   (no cloak)
rCorr    .         Rampage  .   (no gloves)
Will     .....                  l - +1 barding
Stlth    ..........             (no amulet)
HPRegen  0.11/turn              (no ring)
MPRegen  0.08/turn              (no ring)

@: very slow
A: AC +1, large, see invisible, deformed body, poison resistance, slowness 2,
spit poison 1, naga tail 1
a: Spit Poison


You were on level 3 of the Dungeon.
You visited 1 branch of the dungeon, and saw 3 of its levels.

You collected 84 gold pieces.

Inventory:

Hand Weapons
 a - a +0 war axe (weapon)
Missiles
 m - 6 atropa-tipped darts
Armour
 b - a +0 scale mail (worn)
 c - a +0 kite shield (worn)
 g - a +0 plate armour
 l - a +1 barding (worn)
Scrolls
 f - a scroll of enchant weapon {unknown}
 h - 2 scrolls of noise {unknown}
 i - a scroll of torment {unknown}
 j - a scroll of identify {unknown}
Potions
 d - a potion of might
 e - a potion of curing {unknown}
 k - a potion of brilliance {unknown}


   Skills:
 + Level 3.2 Fighting
 + Level 2.2 Axes
 + Level 3.0 Armour
 + Level 0.5 Dodging
 + Level 0.1 Stealth
 + Level 2.9 Shields


You had 2 spell levels left.
You didn't know any spells.
Your spell library was empty.

Dungeon Overview and Level Annotations

Branches:
Dungeon (3/15)

Altars:


Innate Abilities, Weirdness & Mutations

Your serpentine skin is tough. (AC +1)
You have supernaturally acute eyesight. (SInv)
Armour fits poorly on your strangely shaped body.
Your system is resistant to poisons. (rPois)
You cover ground very slowly.
You can spit poison.
You have a snake-like lower body.


Message History

There are monsters nearby!
A dart slug comes into view.
The orc shouts! x2; You hear a shout! x3
You block the orc's attack.
Found 13 gold pieces.
You hit the orc.
The orc is heavily wounded.
You barely miss the orc. The orc hits you but does no damage.
You block the orc's attack.
An orc priest comes into view. It is wielding a +0 hand axe.
You hear a splash.
The orc hits you with a +1 vorpal mace.
You hit the orc.
You kill the orc!
Your shield and scale mail prevent you from hitting the orc.
An orc priest comes into view. It is wielding a +0 flail.
The orc hits you but does no damage.
The orc priest hits you but does no damage.
You slash the orc priest!
The orc priest is severely wounded.
You hit the orc. You block the orc's attack.
The orc priest calls upon Beogh to heal the orc.
The orc's wounds heal themselves!
The orc priest hits you with a +0 flail.
The orc hits you with a +1 vorpal mace.
The orc priest calls down the wrath of Beogh upon you.
Pain shoots through your body!
You see here 18 gold pieces.
An orc comes into view. It is wielding a +0 dagger.
The orc priest invokes the aid of Beogh against you.
Pain shoots through your body!
* * * LOW HITPOINT WARNING * * *
You block the orc's attack. The orc hits you with a +1 vorpal mace.
* * * LOW HITPOINT WARNING * * *
x2
There is a stone staircase leading up here.
The orc hits you but does no damage.
The orc priest calls down the wrath of Beogh upon you.
Beogh smites you!
You die...

.........
##.......##
#.........#
#.........#
#.........###
#........)..#
#...).....#
#..ooo$.##
##.@wo..#
######.....#
#..$!##
$?##..# ###
#.# ..# .#


You could see 2 orc priests, a dart slug and 2 orcs.

Vanquished Creatures
  2 adders (D:2)
  A worm (D:2)
  An orc (D:3)
  4 bats
  3 endoplasms
  5 goblins
  A hobgoblin (D:1)
  2 kobolds (D:1)
  4 quokkas (D:2)
  2 ball pythons (D:2)
  4 rats (D:2)
29 creatures vanquished.

Vanquished Creatures (others)
  A dart slug (D:3)
  An orc (D:3)
  2 bats (D:3)
  A frilled lizard (D:3)
  A rat (D:3)
6 creatures vanquished.

Grand Total: 35 creatures vanquished

Notes
Turn   | Place    | Note
-------+----------+-------------------------------------------
     0 | D:1      | 27snakeeyes612 the Naga Fighter began the quest for the
                  | Orb.
     0 | D:1      | Reached XP level 1. HP: 21/21 MP: 1/1
   385 | D:1      | Found a faded altar of an unknown god.
   428 | D:1      | Reached XP level 2. HP: 28/28 MP: 2/2
  1015 | D:2      | Reached XP level 3. HP: 33/34 MP: 3/3
  2140 | D:3      | Killed from afar by an orc priest

Illustrated notes

Levels and vault maps discovered:
D:1:      evilmike_arrival_hilbert_curve, layout_rooms, serial_curves,
          eino_curves_04, eino_curves_04, ebering_ecumenical_altar_petrified
D:2:      layout_loops_ring
D:3:      layout_rooms, xom_confusion_cloud, roderic_batcave

Skill      XL: |  1  2  3 |
---------------+----------+-----
Armour         | 3 |  3.0
Fighting       | |  3.2
Axes           | |  2.2
Dodging        | |  0.5
Stealth        | |  0.1
Shields        | |  2.9

Action                   || total
-------------------------++-------
Melee: War axe           ||    87
Armor: Scale mail        ||    43
Dodge: Dodged            ||    23
Block: Kite shield       ||    66

Table legend: (Time is in decaauts)
 A = Elapsed time spent in this place.
 B = Non-inter-level travel time spent in this place.
 C = Inter-level travel time spent in this place.
 D = Time resting spent in this place.
 E = Time spent auto-exploring this place.
 F = Levels seen in this place.
 G = Mean time per level.
                   A        B        C        D        E       F      G
               +--------+--------+--------+--------+--------+-----+--------+
         Total |   2696 |   2606 |     90 |    184 |   2158 |   3 |  898.7 |
       Dungeon |   2696 |   2606 |     90 |    184 |   2158 |   3 |  898.7 |
               +--------+--------+--------+--------+--------+-----+--------+

Top non-repeatable levels by time:
     D:2: 1593 daAuts
     D:1: 1086 daAuts
     D:3: 16 daAuts
